 Dungeon Crawl Stone Soup version 0.17-a0-989-gada8a91 (console) character file.

501 Monkaria the Ducker (level 6, 0/48 HPs)
             Began as a Demonspawn Chaos Knight on May 12, 2015.
             Killed from afar by an orc wizard (6 damage)
             ... with a puff of flame
             ... on level 5 of the Dungeon.
             The game lasted 00:05:44 (3081 turns).

Monkaria the Ducker (Demonspawn Chaos Knight)       Turns: 3081, Time: 00:05:45

Health: 0/48       AC:  5    Str: 14    XL:     6   Next: 95%
Magic:  6/6        EV: 20    Int: 17    God:    Xom [....*.]
Gold:   273        SH:  0    Dex: 17    Spells: 0 memorised, 5 levels left

rFire  . . .     SeeInvis .     a - +0 falchion (chaos)
rCold  . . .     Clarity  .     b - +2 leather armour
rNeg   . . .     SustAb   +     (no shield)
rPois  .         Gourm    .     (no helmet)
rElec  .         Spirit   .     (no cloak)
rCorr  .         Warding  .     (no gloves)
rMut   .         Stasis   .     (no boots)
MR     .....                    (no amulet)
Stlth  ++........               l - ring of sustain abilities
                                m - +3 ring of intelligence

@: agile, not resistant to hostile enchantments, unstealthy
A: powered by death 1
a: Renounce Religion


You were on level 5 of the Dungeon.
You worshipped Xom.
You were a beloved toy of Xom.
You were hungry.

You visited 1 branch of the dungeon, and saw 5 of its levels.

You collected 273 gold pieces.

Inventory:

Hand weapons
 a - a +0 falchion of chaos (weapon)
 r - a +0 blowgun
Missiles
 s - 5 poisoned needles
Armour
 b - a +2 leather armour (worn)
Jewellery
 l - a ring of sustain abilities (right hand)
 m - a +3 ring of intelligence (left hand)
Magical devices
 t - a wand of random effects (11)
Scrolls
 d - 2 scrolls of blinking {unknown}
 e - 2 scrolls of teleportation {unknown}
 f - 2 scrolls of enchant armour {unknown}
 g - a scroll of identify {unknown}
 i - a scroll of recharging {unknown}
 j - a scroll of noise {unknown}
 y - a scroll of remove curse {unknown}
Potions
 o - a potion of magic {unknown}
 q - 2 potions of lignification {unknown}
 u - a potion of invisibility {unknown}
 w - 2 potions of heal wounds {unknown}
Comestibles
 c - 4 bread rations
 h - 9 fruits
 p - a meat ration
 v - a slice of pizza
 x - 2 beef jerkies
 z - 2 chunks of flesh


   Skills:
 - Level 4.0 Fighting
 + Level 3.5 Long Blades
 - Level 3.0 Armour
 - Level 5.1 Dodging


You had 5 spell levels left.
You didn't know any spells.

Dungeon Overview and Level Annotations

Branches:
Dungeon (5/15)
 Temple: D:4-7

Altars:
Fedhas
Makhleb


Innate Abilities, Weirdness & Mutations

You can steal the life force of nearby defeated enemies.


Message History

You are lethally poisoned!
* * * LOW HITPOINT WARNING * * *
You feel sick.
Drink which item? (? for menu, Esc to quit)
You feel better. Something hits you.
* * * LOW HITPOINT WARNING * * *
You hit something but do no damage. Something hits you but does no damage.
You miss something. Something hits you.
* * * LOW HITPOINT WARNING * * *
You are feeling hungry.
You miss something.
You hear some strange, mumbled words.
A magic dart appears from out of thin air!
The magic dart hits you!
* * * LOW HITPOINT WARNING * * *
You slash something! You burn something.
You hear some strange, mumbled words.
A puff of flame appears from out of thin air!
The puff of flame hits you!
You die...

################
#...............
#.############## ####.###
###############......#
................##.#.#
##################.#.#######
.......@{o......... .
#########o#.############ ##
#.#.............
######.###o##############
.......)))Y..{....
#####..###o####..# .....
.... .... . ...##.. ..##.#
#.## ## #.. .... ..


You could see an orc wizard and an orc.

Vanquished Creatures
  An ogre (D:4)
  An orc priest (D:4)
  A centaur skeleton (D:4)
  A hound (D:5)
  3 orc wizards
  3 worker ants
  6 gnolls
  4 adders
  A giant gecko (D:4)
  8 orcs
  A bat skeleton (D:5)
  5 hobgoblins
  6 jackals
  13 kobolds
  A ball python (D:3)
  8 bats
  8 giant cockroaches
  6 giant newts
  8 goblins
  A quokka (D:3)
  A quokka skeleton (D:5)
  9 rats
96 creatures vanquished.

Notes
Turn   | Place    | Note
--------------------------------------------------------------
     0 | D:1      | Monkaria the Demonspawn Chaos Knight began the quest for the Orb.
     0 | D:1      | Reached XP level 1. HP: 18/18 MP: 1/1
    25 | D:1      | XOM: silly message
   152 | D:1      | XOM: divination: detect items
   172 | D:1      | Gained mutation: You can steal the life force of nearby defeated enemies. [demonic ancestry]
   172 | D:1      | Reached XP level 2. HP: 17/24 MP: 2/2
   313 | D:1      | XOM: divination: detect creatures
   344 | D:1      | XOM: divination: detect creatures
   473 | D:2      | Found a blossoming altar of Fedhas.
   519 | D:2      | Reached skill level 4 in Fighting
   553 | D:2      | Reached XP level 3. HP: 28/30 MP: 3/3
   708 | D:2      | Found a burning altar of Makhleb.
   819 | D:2      | XOM: silly message
   901 | D:2      | XOM: silly message
   912 | D:2      | XOM: silly message
  1385 | D:3      | XOM: divination: detect creatures
  1828 | D:4      | Reached skill level 1 in Dodging
  1828 | D:4      | Reached XP level 4. HP: 28/37 MP: 4/4
  2076 | D:3      | Reached XP level 5. HP: 40/42 MP: 5/5
  2078 | D:3      | XOM: harmless Necr miscast
  2139 | D:4      | Noticed an ogre
  2150 | D:4      | Killed an ogre
  2318 | D:4      | XOM: potion effect (haste)
  2321 | D:4      | Reached XP level 6. HP: 43/48 MP: 6/6
  2420 | D:4      | XOM: potion effect (berserk rage)
  2497 | D:4      | Reached skill level 5 in Dodging
  2784 | D:4      | XOM: harmless Erth miscast
  2883 | D:5      | Entered Level 5 of the Dungeon
  3049 | D:5      | XOM: harmless Hex miscast
  3073 | D:5      | XOM: potion effect (agility)
  3081 | D:5      | Killed from afar by an orc wizard

Vault maps used:
D:1:      ncdulo_wetmaze, minmay_misc_feat_chi
D:2:      nicolae_overflow_hidden_temple, lemuel_crystal_altar
D:3:      uniq_crazy_yiuf_cottage
D:5:      first_bread, uniq_blork_the_orc

Action                   |  1- 3 |  4- 6 || total
-------------------------+-------+-------++-------
Melee: Falchion          |   140 |   212 ||   352
Evoke: Wand              |       |     7 ||     7
  Use: Potion            |       |     4 ||     4
 Stab: Paralysed         |     1 |       ||     1
       Petrifying        |       |     1 ||     1
  Eat: Chunk             |     3 |     5 ||     8
